 Dungeon Crawl Stone Soup version 0.23-a0-470-g6f7cfd9 (webtiles) character file.

43 Lavandula the Gusty (level 3, -5/28 HPs)
             Began as a Naga Air Elementalist on Nov 26, 2018.
             Killed by nerve-wracking pain
             ... invoked by Grinder
              (8 damage)
             ... on level 4 of the Dungeon.
             The game lasted 00:03:07 (387 turns).

Lavandula the Gusty (Naga Air Elementalist)          Turns: 387, Time: 00:03:08

Health: -5/28      AC:  2    Str: 10    XL:     3   Next: 58%
Magic:  0/7        EV: 10    Int: 16    God:
Gold:   49         SH:  0    Dex: 11    Spells: 5/8 levels left

rFire    + . .     SeeInvis +   b - +0 dagger
rCold    + . .     Gourm    .   (no shield)
rNeg     . . .     Faith    .   a - +0 robe
rPois    +         Spirit   .   (no helmet)
rElec    +         Reflect  .   (no cloak)
rCorr    +         Harm     .   (no gloves)
MR       .....                  (no barding)
Stlth    ++........             (no amulet)
HPRegen  0.09/turn              (no ring)
MPRegen  0.10/turn              (no ring)

@: resistant, very slow
A: large, see invisible, deformed body, poison resistance, slowness 2, slow
metabolism 1, spit poison 1, AC +1
a: Spit Poison


You were on level 4 of the Dungeon.
You were not hungry.

You visited 1 branch of the dungeon, and saw 4 of its levels.

You collected 49 gold pieces.

Inventory:

Hand Weapons
 b - a +0 dagger (weapon)
Missiles
 g - 6 tomahawks (quivered)
Armour
 a - a +0 robe (worn)
Scrolls
 d - a scroll of fear {unknown}
 e - a scroll of magic mapping {unknown}
 f - a scroll of remove curse {unknown}
 i - a scroll of immolation {unknown}
Comestibles
 c - 5 rations


   Skills:
 - Level 1.5 Dodging
 - Level 3.0 Stealth
 - Level 3.2 Spellcasting
 - Level 1.0 Conjurations
 + Level 3.5 Air Magic


You had 5 spell levels left.
You knew the following spells:

 Your Spells              Type           Power        Failure   Level  Hunger
a - Shock                 Conj/Air       #...         8%          1    None
b - Swiftness             Chrm/Air       #.......     14%         2    ##.....

Your spell library contained the following spells:

 Spells                   Type           Power        Failure   Level  Hunger
 Static Discharge         Conj/Air       #.......     22%         3    ###....
 Airstrike                Air            ##........   41%         4    ####...
 Lightning Bolt           Conj/Air       #.........   90%         5    ######.


Dungeon Overview and Level Annotations

Branches:
Dungeon (4/15)
 Temple: D:4-7

Altars:

Annotations:
D:4 Grinder


Innate Abilities, Weirdness & Mutations

You cannot wear boots.
Your serpentine skin is tough. (AC +1)
You have supernaturally acute eyesight. (SInv)
Armour fits poorly on your strangely shaped body.
Your system is resistant to poisons. (rPois)
You cover ground very slowly.
You have a slow metabolism.
You can spit poison.


Message History

Aim: Grinder (heavily wounded)
The splash of poison hits Grinder.
Grinder is heavily wounded.
You feel slightly more hungry.
Casting: Shock (safe; 8% risk of failure)
Confirm with . or Enter, or press ? or * to list all spells.
Aiming: Shock (safe; 8% risk of failure)
Press: ? - help, Shift-Dir - straight line, p - Grinder The zap hits Grinder.
Grinder is severely wounded.
The zap hits Grinder.
Grinder is severely wounded.
Grinder says, "My boss said I was rubbish.
His entrails said otherwise."
Unknown command.
Grinder says, "At least Makhleb appreciates what I'm doing."
Grinder hits you but does no damage.
You have got your breath back.
Grinder gestures at you. Pain shoots through your body!
You die...

#. #. .# #....#..
#..#... #.....$
.##.....#
........#
........######
#........5...#####
#......@####.....#
#.(.....# #..####
#.......####..#
###........>.<#
#.....#######
#.....# ###.#.#
#.#.#


You could see Grinder.

Vanquished Creatures
  A hound skeleton (D:4)
  An adder (D:3)
  A worm (D:1)
  2 orcs (D:3)
  A bat (D:1)
  A giant cockroach (D:2)
  2 goblins (D:1)
  2 hobgoblins (D:3)
  4 kobolds
  2 frilled lizards
  A rat (D:2)
18 creatures vanquished.

Notes
Turn   | Place    | Note
-------+----------+-------------------------------------------
     0 | D:1      | Lavandula the Naga Air Elementalist began the quest for the
                  | Orb.
     0 | D:1      | Reached XP level 1. HP: 15/15 MP: 3/3
   103 | D:1      | Reached XP level 2. HP: 11/22 MP: 3/5
   245 | D:3      | Reached XP level 3. HP: 28/28 MP: 4/7
   249 | D:3      | Learned a level 2 spell: Swiftness
   330 | D:4      | Noticed Grinder
   363 | D:4      | Paralysed by Grinder for 4 turns
   373 | D:4      | Paralysed by Grinder for 2 turns
   387 | D:4      | Killed from afar by Grinder

Vault maps used:
D:1:      onia_arrival_pentagram
D:2:      minmay_misc_feat_nine_boxes
D:3:      first_ration
D:4:      chequers_ossuary_entry_cave, uniq_grinder, uniq_sigmund, uniq_menkaure

Skill      XL: |  1  2 |
---------------+-------+-----
Spellcasting   | 3 |  3.2
Dodging        | |  1.5
Stealth        | |  3.0
Conjurations   | |  1.0
Air Magic      | |  3.5

Action                   || total
-------------------------++-------
 Cast: Shock             ||    24
 Abil: Spit Poison       ||    17
  Use: Potion            ||     1
Armor: Robe              ||     1
Dodge: Dodged            ||     6

Table legend:
 A = Non-vault XP
 B = Vault XP
 C = Vault XP percentage of total XP
 D = Non-vault monster count
 E = Vault monster count
 F = Vault count percentage of total count
                 A         B        C        D         E       F
            +---------+---------+-------+---------+---------+-------
      Total |      62 |       0 |   0.0 |      18 |       0 |   0.0
            +---------+---------+-------+---------+---------+-------
        D:1 |      15 |       0 |   0.0 |       7 |       0 |   0.0
        D:2 |       6 |       0 |   0.0 |       5 |       0 |   0.0
        D:3 |      23 |       0 |   0.0 |       5 |       0 |   0.0
        D:4 |      18 |       0 |   0.0 |       1 |       0 |   0.0
            +---------+---------+-------+---------+---------+-------
